 Dungeon Crawl Stone Soup version 0.26.1-11-gd32895ea62 (webtiles) character file.

Game seed: 8908337872615044219

7456 thatshaggymatt the Carver (level 10, -2/94 HPs)
             Began as a Minotaur Fighter on May 13, 2021.
             Was an Elder of Uskayaw.
             Slain by an orc warrior
             ... wielding a +0 glaive
              (19 damage)
             ... on level 10 of the Dungeon.
             The game lasted 00:39:42 (8198 turns).

thatshaggymatt the Carver (Minotaur Fighter)        Turns: 8198, Time: 00:39:43

Health: -2/94      AC: 17    Str: 25    XL:     10   Next: 94%
Magic:  5/9        EV: 11    Int:  7    God:    Uskayaw [****..]
Gold:   389        SH: 11    Dex:  9    Spells: 9/9 levels left

rFire    + . .     SeeInvis .   i - +2 long sword "Orb Guardian's Curse" {venom, +Blink Int+2}
rCold    . . .     Faith    .   c - +0 kite shield
rNeg     + . .     Spirit   .   e - +1 ring mail {rN+}
rPois    .         Reflect  .   (helmet restricted)
rElec    .         Harm     .   (no cloak)
rCorr    .         Rampage  .   f - +2 pair of gloves
Will     .....                  (no boots)
Stlth    ..........             (no amulet)
HPRegen  0.25/turn              p - ring of protection from fire
MPRegen  0.11/turn              s - +4 ring of protection

@: studying Crossbows
A: retaliatory headbutt, horns 2, icy blue scales 1, blurry vision 1, robust 1
a: Renounce Religion, Evoke Blink, Stomp, Line Pass


You were on level 10 of the Dungeon.
You worshipped Uskayaw.
Uskayaw was noncommittal.
You visited 2 branches of the dungeon, and saw 11 of its levels.

You collected 697 gold pieces.
You spent 308 gold pieces at shops.

Inventory:

Hand Weapons
 a - a +0 war axe
 i - the +2 long sword "Orb Guardian's Curse" (weapon) {venom, +Blink Int+2}
   (You found it on level 5 of the Dungeon)

   It poisons the flesh of those it strikes.
   It affects your intelligence (+2).
   It lets you blink.
 u - a +2 vampiric whip
 v - a +2 rapier of electrocution
 w - a +3 mace of protection
 x - the +5 morningstar "Witti" {vorpal, rElec rF- Will- MP+9}
   (You bought it in a shop on level 8 of the Dungeon)

   It inflicts extra damage upon your enemies.
   It makes you vulnerable to fire.
   It insulates you from electricity.
   It affects your willpower, your defense against some magical effects.
   It affects your magic capacity (+9).
 F - a +3 hunting sling
Missiles
 q - 7 curare-tipped darts
Armour
 c - a +0 kite shield (worn)
 e - a +1 ring mail of positive energy (worn)
 f - a +2 pair of gloves (worn)
 C - a +3 scale mail of cold resistance
Jewellery
 p - a ring of protection from fire (left hand)
 s - a +4 ring of protection (right hand)
Wands
 m - a wand of iceblast (9) (quivered)
 n - a wand of acid (9)
 y - a wand of paralysis (1)
 A - a wand of flame (16)
Scrolls
 g - 3 scrolls of fear
 l - 3 scrolls of remove curse
 o - a scroll of blinking
 r - a scroll of teleportation
 z - a scroll of magic mapping
 D - a scroll of fog
 E - a scroll of enchant armour
 G - a scroll of enchant weapon
Potions
 d - 7 potions of might
 h - a potion of curing
 j - 3 potions of brilliance
 k - 2 potions of cancellation
 t - a potion of flight
 B - 2 potions of ambrosia {unknown}
Books
 b - a manual of Crossbows


   Skills:
 + Level 7.3 Fighting
 + Level 11.5 Long Blades
 + Level 6.3(7.8) Axes
 + Level 6.9(8.1) Maces & Flails
 + Level 1.4 Throwing
 + Level 7.7 Armour
 + Level 4.6 Dodging
 * Level 8.7 Shields
 + Level 1.2 Evocations


You had 9 spell levels left.
You didn't know any spells.
Your spell library contained the following spells:

 Spells                   Type           Power        Failure   Level
 Animate Skeleton         Necr           0%           83%         1
 Apportation              Tloc           0%           83%         1
 Corona                   Hex            0%           83%         1
 Pain                     Necr           0%           83%         1
 Summon Small Mammal      Summ           0%           83%         1
 Confusing Touch          Hex            0%           99%         3
 Gell's Gravitas          Tloc           0%           99%         3
 Petrify                  Tmut/Erth      0%           100%        4
 Metabolic Englaciation   Hex/Ice        0%           100%        5
 Yara's Violent Unravell  Hex/Tmut       0%           100%        5


Dungeon Overview and Level Annotations

Branches:
Dungeon (10/15)            Temple (1/1) D:6             Orc (0/2) D:10
   Lair: D:8-11

Altars:
Ashenzari
Cheibriados
Dithmenos
Elyvilon
Fedhas
Gozag
Hepliaklqana
Kikubaaqudgha
Makhleb
Nemelex Xobeh
Okawaru
Qazlal
Ru
Sif Muna
Trog
Uskayaw
Vehumet
Wu Jian
Xom
Yredelemnul
Zin
The Shining One

Shops:
D:8 *


Innate Abilities, Weirdness & Mutations

You reflexively headbutt those who attack you in melee.
You have a pair of horns on your head.
You are partially covered in icy blue scales. (AC +2)
Scrolls take you a little longer to read.
You are robust. (+10% HP)


Message History

The white imp gestures at you. The puff of frost hits you.
You completely miss the orc warrior.
The orc warrior is lightly wounded.
You barely miss the orc warrior.
The orc warrior is moderately wounded.
The white imp gestures at you. The puff of frost hits you.
* * * LOW HITPOINT WARNING * * *
You block the orc warrior's attack.
You feel better. The white imp barely misses you. You furiously retaliate!
You headbutt the white imp!
You kill the white imp!
The orc warrior hits you with a +0 glaive!
* * * LOW HITPOINT WARNING * * *
You fail to use your ability.
You block the two-headed ogre's attack.
The two-headed ogre hits you with a +0 giant club!
* * * LOW HITPOINT WARNING * * *
The orc warrior hits you with a +0 glaive!!
You die...

...... ....... ......
...$..#
......######.....##
.......#.....8.... #
#.....#.....Z.... ##.
#.........)...... ....
#..>..)8.O..>....
....####......)o@[......
............#).........
#......>..#.....8....
#..<.<....####..($.##
##....).............#
#....................##
#......................
..................##....
..................#


You could see a two-headed ogre, an orc warrior (poisoned) and a centaur warrior
skeleton.

Vanquished Creatures
  Harold (D:7)
  A two-headed ogre (D:7)
  Pikel (D:5)
  A manticore (D:6)
  Maurice (D:8)
  A gargoyle (D:10)
  Maggie (D:8)
  Grinder (D:5)
  Prince Ribbit (D:7)
  Menkaure (D:7)
  Edmund (D:5)
  2 water moccasins (D:8)
  2 ice beasts (D:6)
  An orc warrior (D:9)
  2 sky beasts
  2 black bears
  A phantom (D:6)
  A hornet zombie (D:7)
  A necrophage (D:8)
  5 ogres
  4 centaurs
  A gnoll sergeant (D:6)
  2 bullfrogs (D:8)
  A wyvern zombie (D:8)
  A scorpion (D:5)
  3 killer bees (D:10)
  9 wights
  2 bullfrog zombies
  A centaur zombie (D:10)
  A quasit (D:6)
  A jelly (D:5)
  3 hounds
  A gnoll shaman (D:6)
  3 orc priests
  A centaur skeleton (D:4)
  10 orc wizards
  8 worker ants
  A howler monkey zombie (D:9)
  9 gnolls
  7 adders
  2 shadow imps (D:6)
  4 white imps
  An ufetubus (D:8)
  2 oozes
  4 adder skeletons
  4 worms (D:2)
  A dart slug (D:4)
  6 leopard geckos
  26 orcs
  6 bats
  4 giant cockroaches
  9 goblins
  6 hobgoblins
  8 quokkas
  4 frilled lizards
  6 kobolds
  A quokka skeleton (D:5)
  9 rats
200 creatures vanquished.

Notes
Turn   | Place    | Note
-------+----------+-------------------------------------------
     0 | D:1      | thatshaggymatt the Minotaur Fighter began the quest for the
                  | Orb.
     0 | D:1      | Reached XP level 1. HP: 19/19 MP: 0/0
    81 | D:1      | Reached XP level 2. HP: 19/26 MP: 1/1
   336 | D:1      | Found a sacrificial altar of Ru.
   338 | D:1      | Found an opulent altar of Gozag.
   338 | D:1      | Found a white marble altar of Elyvilon.
   340 | D:1      | Found a hazy altar of Hepliaklqana.
   340 | D:1      | Found a snail-covered altar of Cheibriados.
   340 | D:1      | Found a shimmering altar of Xom.
   450 | D:1      | Reached XP level 3. HP: 29/33 MP: 2/2
   985 | D:2      | Reached XP level 4. HP: 37/40 MP: 3/3
  1341 | D:2      | Found an ancient bone altar of Kikubaaqudgha.
  1353 | D:2      | Found a shimmering blue altar of Sif Muna.
  1354 | D:2      | Found a radiant altar of Vehumet.
  1356 | D:2      | Identified Kikubaaqudgha's Almanac of Dark Secrets
  1523 | D:3      | Found a burning altar of Makhleb.
  2131 | D:3      | You fall into a shaft and drop 2 floors!
  2131 | D:5      | Entered Level 5 of the Dungeon
  2131 | D:5      | Noticed Grinder
  2142 | D:5      | Paralysed by Grinder for 2 turns
  2158 | D:5      | Killed Grinder
  2159 | D:5      | Reached skill level 5 in Axes
  2159 | D:5      | Reached skill level 1 in Dodging
  2159 | D:5      | Reached XP level 5. HP: 20/47 MP: 4/4
  2159 | D:5      | Reached XP level 6. HP: 22/53 MP: 5/5
  2509 | D:4      | Reached skill level 1 in Maces & Flails
  2644 | D:4      | Got a warped dagger
  2645 | D:4      | Identified the cursed +1 dagger of the Purple Skies {venom,
                  | *Noise +Inv rC+} (You found it on level 4 of the Dungeon)
  2825 | D:4      | Reached skill level 1 in Throwing
  2946 | D:5      | Noticed Edmund
  2958 | D:5      | Reached XP level 7. HP: 56/60 MP: 6/6
  2984 | D:5      | Killed Edmund
  2985 | D:5      | Reached skill level 5 in Armour
  2987 | D:5      | Reached skill level 5 in Shields
  3105 | D:5      | Gained mutation: Scrolls take you a little longer to read.
                  | [potion of mutation]
  3105 | D:5      | Gained mutation: You are partially covered in icy blue
                  | scales. (AC +2) [potion of mutation]
  3105 | D:5      | Gained mutation: You are robust. (+10% HP) [potion of
                  | mutation]
  3110 | D:5      | Noticed Pikel
  3130 | D:5      | Killed Pikel
  3131 | D:5      | Reached skill level 5 in Fighting
  3131 | D:5      | Reached skill level 5 in Maces & Flails
  3131 | D:5      | Reached XP level 8. HP: 62/74 MP: 7/7
  3296 | D:5      | Got a shimmering long sword
  3512 | D:5      | Identified the cursed +2 long sword "Orb Guardian's Curse"
                  | {venom, +Blink Int+2} (You found it on level 5 of the
                  | Dungeon)
  3986 | D:6      | Reached skill level 1 in Long Blades
  4013 | D:6      | Found a staircase to the Ecumenical Temple.
  4024 | Temple   | Entered the Ecumenical Temple
  4281 | Temple   | Became a worshipper of Uskayaw the Reveller
  4330 | D:6      | Reached * piety under Uskayaw
  4333 | D:6      | Reached ** piety under Uskayaw
  4429 | D:6      | Reached skill level 2 in Long Blades
  4429 | D:6      | Reached *** piety under Uskayaw
  4431 | D:6      | Reached **** piety under Uskayaw
  4432 | D:6      | Reached skill level 3 in Long Blades
  4776 | D:6      | Reached skill level 4 in Long Blades
  4777 | D:6      | Reached XP level 9. HP: 81/81 MP: 8/8
  4785 | D:6      | Reached ***** piety under Uskayaw
  4957 | D:6      | Reached skill level 5 in Long Blades
  4961 | D:6      | Noticed a manticore
  4973 | D:6      | Killed a manticore
  4974 | D:6      | Reached skill level 6 in Long Blades
  5316 | D:6      | Found a glowing golden altar of the Shining One.
  5694 | D:7      | Noticed Harold
  5722 | D:7      | Killed Harold
  5723 | D:7      | Reached skill level 8 in Long Blades
  5868 | D:7      | Noticed Prince Ribbit
  5873 | D:7      | Killed Prince Ribbit
  5904 | D:7      | Noticed a two-headed ogre
  5913 | D:7      | Killed a two-headed ogre
  5914 | D:7      | Reached skill level 9 in Long Blades
  5914 | D:7      | Reached XP level 10. HP: 77/91 MP: 9/9
  6220 | D:7      | Noticed Menkaure
  6226 | D:7      | Killed Menkaure
  6296 | D:7      | Reached skill level 1 in Evocations
  6607 | D:8      | Noticed Maggie
  6621 | D:8      | Killed Maggie
  6622 | D:8      | Reached skill level 10 in Long Blades
  6632 | D:8      | Found Waimek's Assorted Antiques.
  6656 | D:8      | Bought a scroll of identify for 56 gold pieces
  6656 | D:8      | Bought a shimmering morningstar for 252 gold pieces
  6658 | D:8      | Identified the +5 morningstar "Witti" {vorpal, rElec rF-
                  | Will- MP+9} (You bought it in a shop on level 8 of the
                  | Dungeon)
  6723 | D:8      | Found a basalt altar of Yredelemnul.
  6725 | D:8      | Found a glowing silver altar of Zin.
  6726 | D:8      | Found a sacrificial altar of Ru.
  6728 | D:8      | Found an opulent altar of Gozag.
  6729 | D:8      | Found an ornate altar of the Wu Jian Council.
  6803 | D:8      | Noticed Maurice
  6817 | D:8      | Killed Maurice
  6946 | D:8      | Reached skill level 11 in Long Blades
  7277 | D:8      | Found a glowing silver altar of Zin.
  8156 | D:10     | Entered Level 10 of the Dungeon
  8156 | D:10     | Noticed a gargoyle
  8173 | D:10     | Killed a gargoyle
  8177 | D:10     | Found a staircase to the Orcish Mines.
  8191 | D:10     | Noticed a two-headed ogre
  8198 | D:10     | Slain by an orc warrior

Illustrated notes

Levels and vault maps discovered:
D:1:      zaba_arrival_water, layout_basic, doesnt_xom_only_xom
D:2:      layout_basic, grunt_temple_overflow_magic_moments
D:3:      layout_basic, lemuel_doored_altar
D:4:      layout_gridville, minmay_small_thing
D:5:      layout_cave_pods, minmay_manual_monstrance, uniq_pikel, uniq_edmund,
          uniq_grinder
D:6:      layout_rooms, minmay_temple_entry_statues_pillars,
          nicolae_tso_carved_into_rock
D:7:      layout_basic, uniq_prince_ribbit1, uniq_menkaure, uniq_harold
D:8:      layout_loops_ring, grunt_temple_overflow_open, serial_shops, shop,
          basic_altar, uniq_maurice, uniq_maggie
D:9:      layout_rooms
D:10:     layout_cave_pools, david_orc_2, special_room [special_room_bee]
Temple:   nicolae_temple_figure_eight

Skill      XL: |  1  2  3  4  5  6  7  8  9 10 |
---------------+-------------------------------+-----
Axes           | 3 4 5 6 |  6.3
Armour         | 4 5 6 7 |  7.7
Shields        | 4 5 6 7 8 |  8.7
Fighting       | 4 5 6 7 |  7.3
Dodging        | 1 2 3 4 |  4.6
Maces & Flails | 2 5 6 |  6.9
Throwing       | 1 |  1.4
Long Blades    | 4 9 11 | 11.5
Evocations     | 1 |  1.2

Action                   |  1- 3 |  4- 6 |  7- 9 | 10-12 || total
-------------------------+-------+-------+-------+-------++-------
Melee: War axe           |    89 |    28 |       |       ||   117
       Headbutt          |    14 |    15 |    52 |    39 ||   120
       Mace              |       |    46 |    88 |       ||   134
       Long sword        |       |       |   157 |   179 ||   336
Throw: Dart              |       |     7 |     4 |     1 ||    12
Invok: Stomp             |       |       |     5 |     1 ||     6
       Line Pass         |       |       |       |     1 ||     1
 Abil: Evoke Blink       |       |       |     1 |       ||     1
Evoke: Wand              |       |       |     7 |     4 ||    11
  Use: Scroll            |     2 |     3 |    13 |     5 ||    23
       Potion            |       |       |     9 |     1 ||    10
 Stab: Paralysed         |       |       |     9 |     9 ||    18
       Confused          |       |       |       |     1 ||     1
Armor: Scale mail        |    48 |    31 |    56 |       ||   135
       Ring mail         |       |       |    62 |    52 ||   114
Dodge: Dodged            |    20 |    15 |    97 |    49 ||   181
Block: Kite shield       |    35 |    43 |   139 |    90 ||   307
       Rpst.: Long sword |       |       |    16 |    15 ||    31
